 Dungeon Crawl Stone Soup version 0.32-a0-607-g64ea0e4219 (webtiles) character file.

Game seed: 13053817385835131638

42 Ruich the Sneak (level 3, 0/21 HPs)
             Began as a Vampire Enchanter on Mar 4, 2024.
             Slain by a gnoll
             ... wielding a +0 halberd
              (10 damage)
             ... on level 2 of the Dungeon.
             The game lasted 00:04:49 (1227 turns).

Ruich the Sneak (Vampire Enchanter)                 Turns: 1227, Time: 00:04:49

Health: 0/21       AC:  2    Str:  9    XL:     3   Next: 33%
Magic:  2/6        EV: 12    Int: 17    God:
Gold:   107        SH:  0    Dex: 14    Spells: 4/6 levels left

rFire   . . .        a - +1 dagger
rCold   . . .        (no shield)
rNeg    . . .        b - +0 robe
rPois   +            (no helmet)
rElec   .            (no cloak)
rCorr   .            (no gloves)
SInv    +            (no boots)
Will    .....        (no amulet)
Stlth   +++          g - ring of poison resistance
HPRegen 0.43/turn    (no ring)
MPRegen 0.10/turn

%: no passive effects
@: healing quickly
A: alive, fangs 3, see invisible, vampiric 2, [frail 1]
a: Exsanguinate


You were on level 2 of the Dungeon.
You visited 1 branch of the dungeon, and saw 2 of its levels.

You collected 107 gold pieces.


Innate Abilities, Weirdness & Mutations

Your natural rate of healing is accelerated.
You have razor-sharp teeth.
You have supernaturally acute eyesight. (SInv)
You are afflicted with vampirism and can become a bat while bloodless.
[You are frail. (-10% HP)]


   Skills:
 + Level 1.8 Short Blades
 - Level 2.5 Dodging
 + Level 4.9 Stealth
 + Level 2.3 Spellcasting
 + Level 4.9 Hexes
 + Level 0.3 Ice Magic


You had 4 spell levels left.
You knew the following spells:

 Your Spells              Type           Power      Damage    Failure   Level
e - Ensorcelled Hibernat  Hex/Ice        20%        N/A       10%         2

Your spell library contained the following spells:

 Spells                   Type           Power      Damage    Failure   Level
 Confusing Touch          Hex            18%        N/A       8%          3
 Tukima's Dance           Hex            18%        N/A       8%          3
 Dazzling Flash           Conj/Hex       20%        N/A       21%         3

Inventory:

Hand Weapons
 a - a +1 dagger (weapon)
Armour
 b - a +0 robe (worn)
Jewellery
 g - a ring of poison resistance (left hand)
Scrolls
 e - a scroll of blinking {unknown}
 f - 3 scrolls of identify {unknown}
 i - a scroll of enchant weapon {unknown}
 j - a scroll of immolation {unknown}
Potions
 c - 2 potions of invisibility
 d - 2 potions of curing {unknown}
 h - 2 potions of enlightenment {unknown}
 k - a potion of lignification {unknown}

Dungeon Overview and Level Annotations

Branches:
Dungeon (2/15)

Altars:

#.....g.†...#
#.##..##...
#......†....#
#........#
#......)....#
######.#.#
#..g######### #...#
#...# ###.# #..g# .#
#...# .#
#...########## .#
#.....g)@<...# .#
#......g.....#
#...........†#
###............#####
#..................#
#......########....#
#......##..........#
##......##.######+###
............####


You could see 2 gnolls.


Message History

There is an open door here.
The gnoll attacks as it pursues you! The gnoll closely misses you.
The gnoll misses you. The gnoll barely misses you.
The gnoll attacks as it pursues you!
You see here a rat corpse.
The gnoll attacks as it pursues you! The gnoll misses you.
The gnoll attacks as it pursues you! The gnoll barely misses you.
The gnoll attacks as it pursues you! The gnoll barely misses you.
There is an escape hatch in the ceiling here.
Unknown command.
Casting: Ensorcelled Hibernation (safe; 10% risk of failure)
Confirm with . or Enter, or press ? or * to list all spells.
Aiming: Ensorcelled Hibernation (safe; 10% risk of failure)
Press: ? - help, Shift-Dir - straight line, f - gnoll
Aim: a gnoll, wielding a +0 spear (chance to affect: 52%)
The gnoll resists with significant effort.
Unknown command.
Casting: Ensorcelled Hibernation (safe; 10% risk of failure)
Confirm with . or Enter, or press ? or * to list all spells.
Aiming: Ensorcelled Hibernation (safe; 10% risk of failure)
Press: ? - help, Shift-Dir - straight line, f/p - gnoll
Aim: a gnoll, wielding a +0 spear (chance to affect: 52%)
The gnoll looks drowsy...
The gnoll closely misses you.
* * * LOW HITPOINT WARNING * * *
Unknown command.
The helpless gnoll fails to defend itself.
You impale the gnoll!!
You kill the gnoll!
You die...

Action                     || total
---------------------------++-------
  Melee: Dagger            ||   111
         Bite              ||     6
   Cast: Ensorcelled Hiber ||     8
Ability: Exsanguinate      ||     1
         Revivify          ||     1
   Stab: Sleeping          ||    17
 Armour: Robe              ||    65
  Dodge: Dodged            ||    86

Levels and vault maps discovered:
D:1:      lemuel_arrival_tunnels, layout_loops_ring, kennysheep_nondescript
D:2:      layout_basic, st_stairs_2, guppyfry_early_orc_mine,
          uniq_crazy_yiuf_cottage

Notes
Turn   | Place    | Note
-------+----------+-------------------------------------------
     0 | D:1      | Ruich the Vampire Enchanter began the quest for the Orb.
     0 | D:1      | Reached XP level 1. HP: 13/13 MP: 3/3
   214 | D:1      | Reached XP level 2. HP: 17/17 MP: 5/5
   635 | D:1      | Learned a level 2 spell: Ensorcelled Hibernation
  1106 | D:2      | Gained mutation: You are afflicted with vampirism and can
                  | become a bat while bloodless. [Vampire growth]
  1106 | D:2      | Reached XP level 3. HP: 21/21 MP: 6/6
  1227 | D:2      | Slain by a gnoll

Vanquished Creatures
  A gnoll (D:2)
  An adder (D:2)
  2 ball pythons (D:1)
  5 endoplasms
  A giant cockroach (D:2)
  A goblin (D:2)
  2 hobgoblins
  7 jackals (D:1)
  2 kobolds (D:1)
  A bat (D:1)
  2 frilled lizards (D:1)
  6 rats
31 creatures vanquished.

Table legend: (Time is in decaauts)
 A = Elapsed time spent in this place.
 B = Non-inter-level travel time spent in this place.
 C = Inter-level travel time spent in this place.
 D = Time resting spent in this place.
 E = Time spent auto-exploring this place.
 F = Levels seen in this place.
 G = Mean time per level.
                   A        B        C        D        E       F      G
               +--------+--------+--------+--------+--------+-----+--------+
         Total |   1218 |   1181 |     37 |    186 |    618 |   2 |  609.0 |
       Dungeon |   1218 |   1181 |     37 |    186 |    618 |   2 |  609.0 |
               +--------+--------+--------+--------+--------+-----+--------+

Top non-repeatable levels by time:
     D:1: 1027 daAuts
     D:2: 191 daAuts

Table legend:
 A = Non-vault XP
 B = Vault XP
 C = Vault XP percentage of total XP
 D = Non-vault monster count
 E = Vault monster count
 F = Vault count percentage of total count
                 A         B        C        D         E       F
            +---------+---------+-------+---------+---------+-------
      Total |      75 |       0 |   0.0 |      31 |       0 |   0.0
            +---------+---------+-------+---------+---------+-------
        D:1 |      37 |       0 |   0.0 |      23 |       0 |   0.0
        D:2 |      38 |       0 |   0.0 |       8 |       0 |   0.0
            +---------+---------+-------+---------+---------+-------
